% Time on Ice - KANSAS CITY KILLERBEES
Lines # - Real PCT - Wanted PCT - Time Play
Normal Forward
1 - 36% - 36% - 19:46
2 - 32% - 31% - 17:25
3 - 21% - 23% - 11:33
4 - 11% - 10% - 5:52
Normal Defense
1 - 31% - 36% - 17:10
2 - 31% - 31% - 16:40
3 - 31% - 23% - 16:40
4 - 8% - 10% - 4:06
PP Forward
1 - 59% - 55% - 2:21
2 - 41% - 45% - 1:37
PP Defense
1 - 59% - 55% - 2:21
2 - 41% - 45% - 1:37
PK Forward
1 - 76% - 55% - 0:32
2 - 24% - 45% - 0:10
PK Defense
1 - 24% - 55% - 0:10
2 - 76% - 45% - 0:32
PK3 Forward
1 - 0% - 55%
2 - 0% - 45%
PK3 Defense
1 - 0% - 55%
2 - 0% - 45%
44 Forward
1 - 0% - 55%
2 - 0% - 45%
44 Defense
1 - 0% - 55%
2 - 0% - 45%
Last Minute Offensive  - 0:44
Last Minute Defensive  - 0:00
Total
Forward - 60:00
Defense - 60:00
% Time on Ice - SEATTLE GRUNGE
Lines # - Real PCT - Wanted PCT - Time Play
Normal Forward
1 - 35% - 36% - 19:08
2 - 31% - 31% - 16:44
3 - 23% - 23% - 12:28
4 - 12% - 10% - 6:22
Normal Defense
1 - 37% - 38% - 20:10
2 - 33% - 34% - 18:12
3 - 30% - 28% - 16:20
4 - 0% - 0% - 0:00
PP Forward
1 - 100% - 55% - 0:42
2 - 0% - 45% - 0:00
PP Defense
1 - 100% - 55% - 0:42
2 - 0% - 45% - 0:00
PK Forward
1 - 61% - 55% - 2:25
2 - 39% - 45% - 1:33
PK Defense
1 - 52% - 55% - 2:03
2 - 48% - 45% - 1:55
PK3 Forward
1 - 0% - 55%
2 - 0% - 45%
PK3 Defense
1 - 0% - 55%
2 - 0% - 45%
44 Forward
1 - 0% - 55%
2 - 0% - 45%
44 Defense
1 - 0% - 55%
2 - 0% - 45%
Last Minute Offensive  - 0:00
Last Minute Defensive  - 0:38
Total
Forward - 60:00
Defense - 60:00
Play-by-Play 1st period 0:01 of 1st period - Mikko Koivu wins face-off versus Tyler Seguin in neutral zone. 0:10 of 1st period - Minor Penalty to Damon Severson for Hooking. 0:11 of 1st period - Zach Hyman wins face-off versus Carter Rowney in SEATTLE GRUNGE zone. 0:35 of 1st period - Off-side. 0:36 of 1st period - Morgan Geekie wins face-off versus Josh Archibald in neutral zone. 0:45 of 1st period - Shot by Carl Hagelin. 0:45 of 1st period - Shot Misses the Net. 1:08 of 1st period - Shot by Nick Schmaltz. 1:08 of 1st period - Shot Misses the Net. 1:10 of 1st period - Shot by Will Butcher. 1:10 of 1st period - Stopped by Semyon Varlamov with a rebound. 1:12 of 1st period - Shot by Josh Archibald. 1:12 of 1st period - Deflect By Nick Schmaltz. 1:12 of 1st period - Stopped by Semyon Varlamov without a rebound. 1:13 of 1st period - Ryan Dzingel wins face-off versus Morgan Geekie in SEATTLE GRUNGE zone. 1:53 of 1st period - Shot by Sean Couturier. 1:53 of 1st period - Shot Misses the Net. 2:12 of 1st period - Shot by Nick Schmaltz. 2:12 of 1st period - Stopped by Semyon Varlamov without a rebound. 2:13 of 1st period - Tyler Seguin wins face-off versus Nicholas Ritchie in SEATTLE GRUNGE zone. 2:55 of 1st period - Shot by Jake Guentzel. 2:55 of 1st period - Shot Blocked by Will Butcher. 3:09 of 1st period - Damon Severson is hit by Nicholas Ritchie and loses puck. 3:29 of 1st period - Josh Archibald is hit by Conor Sheary. 4:05 of 1st period - Shot by Trevor Lewis. 4:05 of 1st period - Shot Blocked by Jacob Muzzin. 4:07 of 1st period - Shot by Danny DeKeyser. 4:07 of 1st period - Goal by Danny DeKeyser - KANSAS CITY KILLERBEES : 0 - SEATTLE GRUNGE : 1. 4:08 of 1st period - Mikko Koivu wins face-off versus Carter Rowney in neutral zone. 4:23 of 1st period - Shot by Sean Couturier. 4:23 of 1st period - Shot Misses the Net. 4:46 of 1st period - Minor Penalty to Mikko Koivu for High sticking. 4:47 of 1st period - Tyler Seguin wins face-off versus Josh Archibald in KANSAS CITY KILLERBEES zone. 4:48 of 1st period - Shot by Mike Hoffman. 4:48 of 1st period - Shot Misses the Net. 4:50 of 1st period - Shot by Roman Josi. 4:50 of 1st period - Stopped by Casey DeSmith with a rebound. 4:52 of 1st period - Shot by Roman Josi. 4:52 of 1st period - Shot Blocked by Josh Archibald. 4:54 of 1st period - Shot by Jake Guentzel. 4:54 of 1st period - Stopped by Casey DeSmith without a rebound. 4:55 of 1st period - Tyler Seguin wins face-off versus Josh Archibald in KANSAS CITY KILLERBEES zone. 5:26 of 1st period - Shot by Roman Josi. 5:26 of 1st period - Shot Blocked by Cam Fowler. 5:28 of 1st period - Shot by Roman Josi. 5:28 of 1st period - Goal by Roman Josi - KANSAS CITY KILLERBEES : 0 - SEATTLE GRUNGE : 2. 5:29 of 1st period - Kevin Rooney wins face-off versus Mikko Koivu in neutral zone. 5:56 of 1st period - Off-side. 5:57 of 1st period - Eric Staal wins face-off versus Nicholas Ritchie in neutral zone. 6:04 of 1st period - Shot by Eric Staal. 6:04 of 1st period - Deflect By James Neal. 6:04 of 1st period - Stopped by Casey DeSmith without a rebound. 6:05 of 1st period - Riley Sheahan wins face-off versus Tyler Seguin in KANSAS CITY KILLERBEES zone. 6:56 of 1st period - Zach Hyman is hit by Jake Guentzel and loses puck. 7:01 of 1st period - Shot by Sean Couturier. 7:01 of 1st period - Stopped by Semyon Varlamov with a rebound. 7:03 of 1st period - Shot by Zach Hyman. 7:03 of 1st period - Shot Misses the Net. 7:05 of 1st period - Shot by Sean Couturier. 7:05 of 1st period - Shot Blocked by Matthew Grzelcyk. 7:07 of 1st period - Shot by Sean Couturier. 7:07 of 1st period - Stopped by Semyon Varlamov without a rebound. 7:08 of 1st period - James Neal wins face-off versus Nicholas Ritchie in SEATTLE GRUNGE zone. 7:12 of 1st period - Off-side. 7:13 of 1st period - Eric Staal wins face-off versus Mikko Koivu in neutral zone. 8:27 of 1st period - Shot by Nicholas Ritchie. 8:27 of 1st period - Goal by Nicholas Ritchie - KANSAS CITY KILLERBEES : 1 - SEATTLE GRUNGE : 2. 8:28 of 1st period - Tyler Seguin wins face-off versus Riley Sheahan in neutral zone. 8:31 of 1st period - Shot by Jake Guentzel. 8:31 of 1st period - Stopped by Casey DeSmith without a rebound. 8:32 of 1st period - Tyler Seguin wins face-off versus Riley Sheahan in KANSAS CITY KILLERBEES zone. 8:33 of 1st period - Shot by Jake Guentzel. 8:33 of 1st period - Shot Blocked by K'Andre Miller. 8:39 of 1st period - Shot by Mike Hoffman. 8:39 of 1st period - Stopped by Casey DeSmith with a rebound. 8:48 of 1st period - Shot by Jake Guentzel. 8:48 of 1st period - Shot Misses the Net. 8:50 of 1st period - Shot by Matthew Grzelcyk. 8:50 of 1st period - Stopped by Casey DeSmith with a rebound. 9:02 of 1st period - Shot by Mike Hoffman. 9:02 of 1st period - Shot Misses the Net. 9:23 of 1st period - Icing by Jacob Muzzin. 9:24 of 1st period - Riley Sheahan wins face-off versus Conor Sheary in KANSAS CITY KILLERBEES zone. 9:24 of 1st period - Riley Sheahan is hit by Kevin Rooney. 9:49 of 1st period - Nick Schmaltz is hit by Damon Severson and loses puck. 10:29 of 1st period - Damon Severson is hit by Colin Miller and loses puck. 10:33 of 1st period - Icing by Will Butcher. 10:34 of 1st period - Mikko Koivu wins face-off versus Eric Staal in KANSAS CITY KILLERBEES zone. 10:34 of 1st period - Mikko Koivu is hit by Trevor Lewis. 12:13 of 1st period - Off-side. 12:14 of 1st period - Nicholas Ritchie wins face-off versus Carter Rowney in neutral zone. 12:19 of 1st period - Shot by Nick Schmaltz. 12:19 of 1st period - Stopped by Semyon Varlamov without a rebound. 12:20 of 1st period - Carter Rowney wins face-off versus Nicholas Ritchie in SEATTLE GRUNGE zone. 13:34 of 1st period - Off-side. 13:35 of 1st period - Kevin Rooney wins face-off versus Riley Sheahan in neutral zone. 14:04 of 1st period - Shot by Josh Archibald. 14:04 of 1st period - Stopped by Semyon Varlamov without a rebound. 14:05 of 1st period - Mikko Koivu wins face-off versus Tyler Seguin in SEATTLE GRUNGE zone. 14:25 of 1st period - Shot by Sean Couturier. 14:25 of 1st period - Stopped by Semyon Varlamov with a rebound. 14:46 of 1st period - Shot by Jake Guentzel. 14:46 of 1st period - Deflect By Mike Hoffman. 14:46 of 1st period - Shot Misses the Net. 15:21 of 1st period - Shot by Nicholas Ritchie. 15:21 of 1st period - Stopped by Semyon Varlamov without a rebound. 15:22 of 1st period - Riley Sheahan wins face-off versus Kevin Rooney in SEATTLE GRUNGE zone. 15:29 of 1st period - Shot by Josh Archibald. 15:29 of 1st period - Stopped by Semyon Varlamov without a rebound. 15:30 of 1st period - Kevin Rooney wins face-off versus Riley Sheahan in SEATTLE GRUNGE zone. 15:30 of 1st period - Kevin Rooney is hit by Josh Archibald. 15:41 of 1st period - Jacob Muzzin is hit by Kevin Rooney. 16:35 of 1st period - Shot by Yegor Sharangovich. 16:35 of 1st period - Stopped by Semyon Varlamov without a rebound. 16:36 of 1st period - Tyler Seguin wins face-off versus Mikko Koivu in SEATTLE GRUNGE zone. 16:47 of 1st period - Shot by Sean Couturier. 16:47 of 1st period - Stopped by Semyon Varlamov without a rebound. 16:48 of 1st period - Nicholas Ritchie wins face-off versus Eric Staal in SEATTLE GRUNGE zone. 16:49 of 1st period - Shot by Nick Schmaltz. 16:49 of 1st period - Shot Hit the Post. 16:51 of 1st period - Shot by Adam Larsson. 16:51 of 1st period - Stopped by Semyon Varlamov without a rebound. 16:52 of 1st period - Tyler Seguin wins face-off versus Mikko Koivu in SEATTLE GRUNGE zone. 17:20 of 1st period - Shot by Zach Hyman. 17:20 of 1st period - Shot Misses the Net. 17:22 of 1st period - Shot by Zach Hyman. 17:22 of 1st period - Shot Misses the Net. 17:52 of 1st period - Nicholas Ritchie is hit by David Savard and loses puck. 17:57 of 1st period - Shot by Yegor Sharangovich. 17:57 of 1st period - Shot Misses the Net. 17:59 of 1st period - Shot by Colin Miller. 17:59 of 1st period - Stopped by Semyon Varlamov without a rebound. 18:00 of 1st period - Riley Sheahan wins face-off versus Conor Sheary in SEATTLE GRUNGE zone. 18:40 of 1st period - Shot by Kevin Rooney. 18:40 of 1st period - Shot Misses the Net. 18:50 of 1st period - Roman Josi is hit by Josh Archibald and loses puck. 18:54 of 1st period - Icing by Roman Josi. 18:55 of 1st period - Eric Staal wins face-off versus Yegor Sharangovich in SEATTLE GRUNGE zone. 19:35 of 1st period - Shot by Yegor Sharangovich. 19:35 of 1st period - Stopped by Semyon Varlamov without a rebound. 19:36 of 1st period - Tyler Seguin wins face-off versus Mikko Koivu in SEATTLE GRUNGE zone. 19:52 of 1st period - Shot by Mike Hoffman. 19:52 of 1st period - Stopped by Casey DeSmith without a rebound. 19:53 of 1st period - Kevin Rooney wins face-off versus Zach Aston-Reese in KANSAS CITY KILLERBEES zone. Goals for this period are 1 for KANSAS CITY KILLERBEES vs 2 for SEATTLE GRUNGE. Shots for this period are 16 for KANSAS CITY KILLERBEES vs 9 for SEATTLE GRUNGE. 2nd period 0:01 of 2nd period - Mikko Koivu wins face-off versus Tyler Seguin in neutral zone. 0:12 of 2nd period - Shot by Mike Hoffman. 0:12 of 2nd period - Stopped by Casey DeSmith with a rebound. 0:21 of 2nd period - Icing by Cam Fowler. 0:22 of 2nd period - Mikko Koivu wins face-off versus Kevin Rooney in KANSAS CITY KILLERBEES zone. 0:22 of 2nd period - Mikko Koivu is hit by Kevin Rooney. 0:29 of 2nd period - Zach Hyman is hit by Matthew Grzelcyk. 0:33 of 2nd period - Shot by Sean Couturier. 0:33 of 2nd period - Stopped by Semyon Varlamov with a rebound. 0:41 of 2nd period - Shot by Zach Hyman. 0:41 of 2nd period - Shot Blocked by Matthew Grzelcyk. 0:43 of 2nd period - Shot by Cam Fowler. 0:43 of 2nd period - Stopped by Semyon Varlamov without a rebound. 0:44 of 2nd period - Tyler Seguin wins face-off versus Nicholas Ritchie in SEATTLE GRUNGE zone. 0:50 of 2nd period - Roman Josi is hit by Colin Miller and loses puck. 1:09 of 2nd period - Shot by Nick Schmaltz. 1:09 of 2nd period - Stopped by Semyon Varlamov without a rebound. 1:10 of 2nd period - Riley Sheahan wins face-off versus James Neal in SEATTLE GRUNGE zone. 1:35 of 2nd period - Shot by Riley Sheahan. 1:35 of 2nd period - Stopped by Semyon Varlamov with a rebound. 1:45 of 2nd period - Shot by Ryan Dzingel. 1:45 of 2nd period - Shot Misses the Net. 1:47 of 2nd period - Shot by Cam Fowler. 1:47 of 2nd period - Shot Misses the Net. 1:49 of 2nd period - Shot by Riley Sheahan. 1:49 of 2nd period - Stopped by Semyon Varlamov without a rebound. 1:50 of 2nd period - Kevin Rooney wins face-off versus Nicholas Ritchie in SEATTLE GRUNGE zone. 1:58 of 2nd period - Kevin Rooney is hit by Colin Miller and loses puck. 2:19 of 2nd period - Icing by Carl Hagelin. 2:20 of 2nd period - Kevin Rooney wi